 Dungeon Crawl Stone Soup version 0.30-a0-629-gd54f4be4f7 (webtiles) character file.

Game seed: 12742318191689804880

110 larrydude the Sneak (level 4, -3/31 HPs)
             Began as an Octopode Monk on Jan 12, 2023.
             Slain by Grinder (6 damage)
             ... on level 3 of the Dungeon.
             The game lasted 00:06:06 (2016 turns).

larrydude the Sneak (Octopode Monk)                 Turns: 2016, Time: 00:06:07

Health: -3/31      AC:  1    Str: 10    XL:     4   Next: 91%
Magic:  4/4        EV: 14    Int: 14    God:
Gold:   119        SH:  0    Dex: 14    Spells: 0/3 levels left

rFire   . . .      SeeInvis .      - Unarmed
rCold   . . .      Faith    .    (no shield)
rNeg    . . .      Spirit   .    (helmet restricted)
rPois   .          Reflect  .    (no amulet)
rElec   .          Harm     .    e - ring of wizardry
rCorr   .          Rampage  .    (no ring)
Will    .....                    (no ring)
Stlth   ++++                     (no ring)
HPRegen 0.25/turn                (no ring)
MPRegen 0.09/turn                (no ring)
                                 (no ring)
                                 (no ring)

@: attractive
A: almost no armour, amphibious, 8 rings, camouflage 1, gelatinous body 1,
(nimble swimmer 1), tentacles
a: no special abilities


You were on level 3 of the Dungeon.
You visited 1 branch of the dungeon, and saw 3 of its levels.

You collected 119 gold pieces.

Inventory:

Missiles
 c - 28 stones (quivered)
 l - 6 poisoned darts
Jewellery
 e - a ring of wizardry (left tentacle)
Potions
 a - a potion of ambrosia
 f - 2 potions of flight {unknown}
 g - 2 potions of invisibility
 i - a potion of magic {unknown}


   Skills:
 * Level 3.4 Fighting
 * Level 3.5 Dodging
 * Level 4.1 Stealth
 * Level 4.1 Unarmed Combat
 * Level 0.1 Spellcasting
 * Level 0.1 Summonings


You couldn't memorise any spells.
You knew the following spells:

 Your Spells              Type           Power      Damage    Failure   Level
a - Call Canine Familiar  Summ           0%         N/A       32%         3

Your spell library contained the following spells:

 Spells                   Type           Power      Damage    Failure   Level
 Summon Small Mammal      Summ           0%         N/A       11%         1
 Summon Guardian Golem    Hex/Summ       0%         N/A       32%         3


Dungeon Overview and Level Annotations

Branches:
Dungeon (3/15)

Altars:

Annotations:
D:3 Grinder


Innate Abilities, Weirdness & Mutations

You cannot wear most types of armour.
You are amphibious.
You can wear up to eight rings at the same time.
Your skin changes colour to match your surroundings (Stealth+).
Your rubbery body absorbs attacks. (AC +1, EV +1)
((You are camouflaged when in or above water. (Stealth+)))
You have tentacles for arms and can constrict up to eight enemies at once.


Message History

Grinder drinks a potion.
Grinder seems to speed up.
You catch the helpless Grinder completely off-guard!
You tentacle-slap Grinder.
Grinder is lightly wounded.
You constrict Grinder. Grinder hits you.
You writhe in agony.
Grinder gestures at you.
You suddenly lose the ability to move!
You lose your grip on Grinder.
Grinder barely misses you. Grinder hits you.
You writhe in agony.
Grinder hits you.
You writhe in agony.
* * * LOW HITPOINT WARNING * * *
You flicker for a moment.
Grinder hits you but does no damage.
You can move again.
You feel better. Grinder hits you but does no damage. Grinder gestures at you.
You shrug off the repeated paralysis!
You barely miss Grinder. Your grab misses Grinder. You squeeze Grinder!
Grinder is heavily wounded.
Grinder blinks!
You aren't carrying any items that you can evoke.
Unknown command.
You feel better.
Really quaff the potion of attraction?
You feel attractive to monsters. Grinder is attracted toward you.
You barely miss Grinder. You grab Grinder.
Grinder is heavily wounded.
You flicker back into view.
You constrict Grinder. Grinder hits you.
You writhe in agony.
You tentacle-slap Grinder but do no damage.
Grinder is heavily wounded.
You constrict Grinder. Grinder hits you.
* * * LOW HITPOINT WARNING * * *
You writhe in agony.
* * * LOW HITPOINT WARNING * * *
Grinder completely misses you.
You tentacle-slap Grinder but do no damage.
Grinder is heavily wounded.
You constrict Grinder. Grinder hits you.
You die...

#####.......# #
............##.#
####........#.#
#..........#
#........###
#####.#.## #.#.#
#.#.# #.#@#
#.#5# #.#ยง#
#.#.# ..#.. ##.
. .#


You could see Grinder (fast).

Vanquished Creatures
  5 adders (D:2)
  7 endoplasms
  2 giant cockroaches (D:2)
  3 goblins
  8 hobgoblins
  2 quokkas
  6 ball pythons
  9 bats
  5 frilled lizards
  8 kobolds
  5 rats
60 creatures vanquished.

Notes
Turn   | Place    | Note
-------+----------+-------------------------------------------
     0 | D:1      | larrydude the Octopode Monk began the quest for the Orb.
     0 | D:1      | Reached XP level 1. HP: 16/16 MP: 1/1
   131 | D:1      | Reached XP level 2. HP: 21/21 MP: 2/2
   286 | D:1      | Found a faded altar of an unknown god.
   383 | D:1      | Reached XP level 3. HP: 26/26 MP: 3/3
  1201 | D:2      | Reached XP level 4. HP: 25/31 MP: 4/4
  1443 | D:2      | Identified a scroll of acquirement
  1443 | D:2      | Acquired a ring of wizardry
  1449 | D:2      | Learned a level 3 spell: Call Canine Familiar
  1997 | D:3      | Noticed Grinder
  2006 | D:3      | Paralysed by Grinder for 3 turns
  2016 | D:3      | Slain by Grinder

Illustrated notes

Levels and vault maps discovered:
D:1:      arrival_zaba_pyramid, layout_loops_ring,
          shapermc_ecumenical_altar_totnotflames, minivault_19,
          minmay_tiny_reverse_x
D:2:      layout_loops_ring
D:3:      layout_loops_ring, ebering_ghost_reflecting_pool, uniq_grinder,
          uniq_terence

Skill      XL: |  1  2  3  4 |
---------------+-------------+-----
Stealth        | 3 4 |  4.1
Unarmed Combat | 4 |  4.1
Fighting       | |  3.4
Dodging        | |  3.5
Spellcasting   | |  0.1
Summonings     | |  0.1

Action                   |  1- 3 |  4- 6 || total
-------------------------+-------+-------++-------
Melee: Unarmed           |    89 |    50 ||   139
       Constrict         |    22 |    11 ||    33
       Tentacles         |    13 |    11 ||    24
       Punch             |     2 |     2 ||     4
  Use: Scroll            |     7 |     5 ||    12
       Potion            |       |     4 ||     4
 Stab: Sleeping          |     9 |    11 ||    20
       Distracted        |       |     1 ||     1
       Invisible         |       |     1 ||     1
Armor: Skin              |    13 |     7 ||    20
Dodge: Dodged            |    69 |    20 ||    89

Table legend: (Time is in decaauts)
 A = Elapsed time spent in this place.
 B = Non-inter-level travel time spent in this place.
 C = Inter-level travel time spent in this place.
 D = Time resting spent in this place.
 E = Time spent auto-exploring this place.
 F = Levels seen in this place.
 G = Mean time per level.
                   A        B        C        D        E       F      G
               +--------+--------+--------+--------+--------+-----+--------+
         Total |   2005 |   1940 |     65 |    252 |   1237 |   3 |  668.3 |
       Dungeon |   2005 |   1940 |     65 |    252 |   1237 |   3 |  668.3 |
               +--------+--------+--------+--------+--------+-----+--------+

Top non-repeatable levels by time:
     D:1: 985 daAuts
     D:2: 934 daAuts
     D:3: 85 daAuts
